 Dungeon Crawl Stone Soup version 0.27-a0-1200-g94dc6ad4cf (webtiles) character file.

Game seed: 16801568502644057803

10 quinnr the Magician (level 2, -1/21 HPs)
             Began as a Djinni Ice Elementalist on May 31, 2021.
             Frozen to death by an endoplasm (6 damage)
             ... on level 1 of the Dungeon.
             The game lasted 00:02:10 (338 turns).

quinnr the Magician (Djinni Ice Elementalist)        Turns: 338, Time: 00:02:11

Health: -1/21      AC:  2    Str:  7    XL:     2   Next: 30%
Gold:   15         EV: 12    Int: 16    God:
                   SH:  0    Dex: 13

rFire    + + .     SeeInvis .   (no weapon)
rCold    x . .     Faith    .   (no shield)
rNeg     . . .     Spirit   .   a - +0 robe
rPois    ∞         Reflect  .   (no helmet)
rElec    .         Harm     .   (no cloak)
rCorr    .         Rampage  .   (no gloves)
Will     .....                  (boots unavailable)
Stlth    ++........             (no amulet)
HPRegen  0.07/turn              (no ring)
MPRegen  0.00/turn              (no ring)

@: flying, very slightly contaminated
A: sickness immunity, fire resistance 2, cold vulnerability 1, float, innate
caster, hp casting, extra vitality 1
a: no special abilities


You were on level 1 of the Dungeon.
You visited 1 branch of the dungeon, and saw 1 of its levels.

You collected 15 gold pieces.

Inventory:

Armour
 a - a +0 robe (worn)


   Skills:
 - Level 2.1 Dodging
 - Level 1.5 Stealth
 + Level 3.6 Spellcasting


You couldn't memorise any spells.
You knew the following spells:

 Your Spells              Type           Power      Damage    Failure   Level
a - Freeze                Ice            56%        1d7       4%          1
b - Frozen Ramparts       Ice            28%        1d4       12%         3
c - Ozocubu's Armour      Ice            14%        N/A       12%         3
d - Hailstorm             Conj/Ice       14%        3d5       36%         4
e - Metabolic Englaciati  Hex/Ice        7%         N/A       73%         5
Your spell library was empty.

Dungeon Overview and Level Annotations

Branches:
Dungeon (1/15)

Altars:


Innate Abilities, Weirdness & Mutations

You are immune to sickness and miasma.
You are immune to poison.
Your flesh is very heat resistant. (rF++)
You are vulnerable to cold. (rC-)
You float through the air rather than walking.
You learn spells naturally, not from books.
Your magical power is your life essence.
You have superior vitality. (+4 HP)


Message History

Press: ? - help, Shift-Dir - straight line, f/p - kobold
Aim: a kobold, wielding a +0 dagger (heavily wounded)
You freeze the kobold.
You kill the kobold!
The endoplasm quivers.
Things that are here:
a +0 dagger; a kobold corpse An endoplasm is nearby!
An endoplasm is nearby!
Casting: Freeze (safe; 4% risk of failure)
Confirm with . or Enter, or press ? or * to list all spells.
Aiming: Freeze (safe; 4% risk of failure)
Press: ? - help, Shift-Dir - straight line, f - endoplasm
Aim: an endoplasm You freeze the endoplasm.
The endoplasm is heavily wounded.
The endoplasm freezes you.
You are frozen.
You feel a terrible chill!
Casting: Freeze (safe; 4% risk of failure)
Confirm with . or Enter, or press ? or * to list all spells.
Aiming: Freeze (safe; 4% risk of failure)
Press: ? - help, Shift-Dir - straight line, f/p - endoplasm
Aim: an endoplasm (heavily wounded)
You freeze the endoplasm.
The endoplasm is almost dead.
The endoplasm freezes you.
You are frozen.
You feel a terrible chill!
* * * LOW HITPOINT WARNING * * *
Casting: Freeze (safe; 4% risk of failure)
Confirm with . or Enter, or press ? or * to list all spells.
Aiming: Freeze (safe; 4% risk of failure)
Press: ? - help, Shift-Dir - straight line, f/p - endoplasm
Aim: an endoplasm (almost dead)
You miscast Freeze.
You are very lightly contaminated with residual magic.
Nothing appears to happen.
* * * LOW HITPOINT WARNING * * *
The endoplasm freezes you.
You are frozen.
You feel a terrible chill!
You die...

#. #.### # #.#..
.# #.#.####.####.
.# #.............
#.# #.#(.J@.......
#.###.#?.###.##.##
#............# ###
#.###.#..#####
.§##.###.#...J.
#(#.#≈.###.#..#
#†#≈..###.#..#
##.#≈.#.#... ...
##
#.≈.....##......


You could see an endoplasm.

Vanquished Creatures
  A worm (D:1)
  3 jackals (D:1)
  A kobold (D:1)
  A quokka (D:1)
6 creatures vanquished.

Notes
Turn   | Place    | Note
-------+----------+-------------------------------------------
     0 | D:1      | quinnr the Djinni Ice Elementalist began the quest for the
                  | Orb.
     0 | D:1      | Reached XP level 1. HP: 15/15 MP: 0/0
     0 | D:1      | quinnr: ??lg
     0 | D:1      | beem: listgame[1/5]: !lg command displays info about past
                  | games. The manual is available here:
                  | https://github.com/crawl/sequell/blob/master/docs/listgame.
                  | md
     0 | D:1      | quinnr: !lg DjIE won -log
     0 | D:1      | beem: No games for DjIE (won).
     0 | D:1      | quinnr: !lg DjIE win
     0 | D:1      | beem: No games for DjIE (win).
     0 | D:1      | quinnr: !lg * DjIE win
     0 | D:1      | beem: 30. RoadsterTracker the Slayer (L27 DjIE of
                  | Ashenzari), escaped with the Orb and 3 runes on 2021-05-22
                  | 20:08:49, with 1551720 points after 99328 turns and
                  | 4:56:09.
     0 | D:1      | quinnr: !lg * DjIE win -dump
     0 | D:1      | beem: Unknown option: dump
     0 | D:1      | quinnr: !lg * DjIE win -log
     0 | D:1      | beem: 30. RoadsterTracker, XL27 DjIE, T:99328:
                  | https://crawl.kelbi.org/crawl/morgue/RoadsterTracker/morgue
                  | -RoadsterTracker-20210522-200849.txt
     0 | D:1      | quinnr: !lg * DjIE win -1 -log
     0 | D:1      | beem: 30. RoadsterTracker, XL27 DjIE, T:99328:
                  | https://crawl.kelbi.org/crawl/morgue/RoadsterTracker/morgue
                  | -RoadsterTracker-20210522-200849.txt
     0 | D:1      | quinnr: !lg * DjIE win -2 -log
     0 | D:1      | beem: 29/30. snackwell, XL27 DjIE, T:74930:
                  | https://cbro.berotato.org/morgue/snackwell/morgue-snackwell
                  | -20210522-022527.txt
   131 | D:1      | Reached XP level 2. HP: 17/21 MP: 0/0
   338 | D:1      | Frozen to death by an endoplasm

Illustrated notes

Levels and vault maps discovered:
D:1:      dpeg_arrival_brainrot, layout_loops_ring

Action                   || total
-------------------------++-------
Melee: Unarmed           ||     1
 Cast: Freeze            ||    15
Armor: Robe              ||     1
Dodge: Dodged            ||     9

Table legend: (Time is in decaauts)
 A = Elapsed time spent in this place.
 B = Non-inter-level travel time spent in this place.
 C = Inter-level travel time spent in this place.
 D = Time resting spent in this place.
 E = Time spent auto-exploring this place.
 F = Levels seen in this place.
 G = Mean time per level.
                   A        B        C        D        E       F      G
               +--------+--------+--------+--------+--------+-----+--------+
         Total |    338 |    338 |      0 |    113 |    168 |   1 |  338.0 |
       Dungeon |    338 |    338 |      0 |    113 |    168 |   1 |  338.0 |
               +--------+--------+--------+--------+--------+-----+--------+

Top non-repeatable levels by time:
     D:1: 338 daAuts
